 Dungeon Crawl Stone Soup version 0.31-a0-263-ge8cad7f256 (webtiles) character file.

Game seed: 14438059468000158300

93 qw the Shooter (level 4, 0/26 HPs)
             Began as a Gargoyle Hexslinger on July 13, 2023.
             Constricted to death by Ijyb (6 damage)
             ... on level 2 of the Dungeon.
             The game lasted 00:00:44 (1691 turns).

qw the Shooter (Gargoyle Hexslinger)                Turns: 1691, Time: 00:00:45

Health: 0/26       AC:  5    Str: 12    XL:     4   Next: 62%
Magic:  5/5        EV:  9    Int: 13    God:
Gold:   95         SH:  0    Dex: 14    Spells: 4/5 levels left

rFire   . . .        Y - +2 sling
rCold   . . .        (no shield)
rNeg    + . .        c - +0 robe
rPois   inf          (no helmet)
rElec   +            (no cloak)
rCorr   .            (no gloves)
SInv    .            (no boots)
Will    .....        (no amulet)
Stlth   +            (no ring)
HPRegen 0.24/turn    (no ring)
MPRegen 0.09/turn

%: no passive effects
@: grasped by roots, constricted
A: sickness immunity, AC +3, negative energy resistance 1, electricity
resistance, torment resistance 1, petrification resistance
a: no special abilities


You were on level 2 of the Dungeon.
You visited 1 branch of the dungeon, and saw 2 of its levels.

You collected 95 gold pieces.


Innate Abilities, Weirdness & Mutations

You are immune to sickness and miasma.
Your stone body is resilient. (AC +3)
You are immune to poison.
You resist negative energy. (rN+)
You are resistant to electric shocks. (rElec)
You are resistant to unholy torment.
You are immune to petrification.


   Skills:
 - Level 2.0 Fighting
 + Level 4.4 Ranged Weapons
 - Level 1.5 Dodging
 - Level 1.0 Spellcasting
 - Level 2.6 Hexes


You had 4 spell levels left.
You knew the following spells:

 Your Spells              Type           Power      Damage    Failure   Level
a - Slow                  Hex            28%        N/A       10%         1

Your spell library contained the following spells:

 Spells                   Type           Power      Damage    Failure   Level
 Inner Flame              Hex/Fire       4%         N/A       43%         3
 Portal Projectile        Hex/Tloc       8%         N/A       43%         3
 Cause Fear               Hex            3%         N/A       67%         4

Inventory:

Hand Weapons
 Y - a +2 sling (weapon)
Armour
 c - a +0 robe (worn)
Jewellery
 a - a +5 ring of evasion
Scrolls
 d - a scroll of fog {unknown}
Potions
 b - a potion of brilliance {unknown}

Dungeon Overview and Level Annotations

Branches:
Dungeon (2/15)

Altars:

Annotations:
D:2 Ijyb


Message History

You kill the goblin!
Ijyb screams, "I cut your head off!"
You shoot a sling bullet.
The sling bullet closely misses the goblin.
The sling bullet hits Ijyb.
Ijyb is lightly wounded.
Ijyb zaps a wand.
The roots erupt in riotous growth!
The grasping roots grab you!
The goblin is unaffected.
The grasping roots constrict you. The goblin hits you but does no damage.
The grasping roots constrict you.
The goblin shouts!
You shoot a sling bullet.
The sling bullet barely misses the goblin.
The goblin hits you but does no damage. The grasping roots constrict you.
You shoot a sling bullet. The sling bullet hits Ijyb.
Ijyb is moderately wounded.
The goblin hits you but does no damage. Ijyb completely misses you.
The grasping roots constrict you.
You shoot a sling bullet. The sling bullet barely misses Ijyb.
The sling bullet hits the goblin.
You kill the goblin!
The goblin hits you but does no damage. Ijyb closely misses you.
The grasping roots constrict you.
The grasping roots release their grip on you.
You shoot a sling bullet.
The sling bullet completely misses Ijyb.
The goblin hits you with a +0 dagger. Ijyb barely misses you.
You shoot a sling bullet. The sling bullet hits Ijyb!
Ijyb is heavily wounded.
The goblin hits you but does no damage.
Ijyb zaps a wand.
The roots erupt in riotous growth!
The grasping roots grab you!
Ijyb is unaffected.
The goblin is unaffected.
The grasping roots constrict you. The goblin hits you but does no damage.
Ijyb hits you but does no damage. The grasping roots constrict you.
You shoot a sling bullet.
The sling bullet completely misses Ijyb.
The goblin hits you with a +0 dagger. Ijyb hits you but does no damage.
The grasping roots constrict you.
You die...

###*#..##<........######
...,#?##################
...,..,,,..$........####
.....#***#####..###.####
.....#,8,8.8.8..###.####
.....#,,,.......###.####
.....#,,,.......###.####
####.#,,,......$....####
#.#,,,.).).)g@########
#.#,,,...)...g.......# #
#.#,8,8.8.8...######.#
####.#***############
#.#
.....#####.##.......#
#.#
####.>.....##.#####.#
#.# **#####......# #.#
#.#
**,,,,,#.##.#######.#
#.#
,,,**,*#.#........#.#
#.#


You could see Ijyb and a goblin.

Vanquished Creatures
  Terence (D:2)
  2 adders (D:2)
  A dart slug (D:1)
  4 ball pythons
  5 bats
  5 endoplasms
  A giant cockroach (D:1)
  8 goblins
  2 hobgoblins (D:1)
  6 kobolds (D:1)
  A quokka (D:1)
  2 frilled lizards (D:1)
  7 rats
45 creatures vanquished.

Notes
Turn   | Place    | Note
-------+----------+-------------------------------------------
     0 | D:1      | qw the Gargoyle Hexslinger began the quest for the Orb.
     0 | D:1      | Reached XP level 1. HP: 12/12 MP: 2/2
     0 | D:1      | 0 ||| qw: Version: 0.3-a-52-g30416fa
     0 | D:1      | 0 ||| qw: Game counter: 7446
     0 | D:1      | 0 ||| qw: Melee chars always use a shield: true
     0 | D:1      | 0 ||| qw: God list: Okawaru
     0 | D:1      | 0 ||| qw: Allow faded altars: false
     0 | D:1      | 0 ||| qw: Do Orc after clearing Dungeon:15 true
     0 | D:1      | 0 ||| qw: Do second Lair branch before Depths: true
     0 | D:1      | 0 ||| qw: Lair rune preference: random
     0 | D:1      | 0 ||| qw: Goals: Normal
     0 | D:1      | 0 ||| PLANNING D:1-11
   116 | D:1      | Reached XP level 2. HP: 15/16 MP: 3/3
   188 | D:1      | Reached skill level 3 in Ranged Weapons
   320 | D:1      | You fall into a shaft and drop 1 floor!
   328 | D:2      | Reached XP level 3. HP: 21/21 MP: 4/4
   383 | D:2      | 383 ||| READING scroll labelled UXAIREUSAI.
   384 | D:2      | 384 ||| READING scroll labelled AXZUSTEPHA.
   385 | D:2      | 385 ||| READING scroll labelled MUSUREV INUTT.
   389 | D:2      | 389 ||| DROPPING scroll of poison.
  1036 | D:1      | 1036 ||| READING scroll labelled WIROTHR USIOPT.
  1037 | D:1      | 1037 ||| DRINKING 2 coppery potions.
  1070 | D:1      | 1070 ||| DROPPING potion of lignification.
  1122 | D:2      | Noticed Terence
  1153 | D:2      | 1153 ||| FLEEEEING.
  1154 | D:2      | 1154 ||| FLEEEEING.
  1155 | D:2      | 1155 ||| FLEEEEING.
  1156 | D:2      | 1156 ||| FLEEEEING.
  1157 | D:2      | 1157 ||| FLEEEEING.
  1158 | D:2      | 1158 ||| FLEEEEING.
  1159 | D:2      | 1159 ||| FLEEEEING.
  1176 | D:2      | Killed Terence
  1177 | D:2      | Reached XP level 4. HP: 11/26 MP: 5/5
  1424 | D:2      | Reached skill level 4 in Ranged Weapons
  1680 | D:2      | Noticed Ijyb
  1691 | D:2      | HP: 6/26 [goblin/+0 dagger (1)]
  1691 | D:2      | Constricted to death by Ijyb

Levels and vault maps discovered:
D:1:      onia_arrival_pentagram, layout_basic, minmay_parallelograms
D:2:      kennysheep_the_goblin_king, layout_basic, grunt_decor_arrowhead,
          uniq_terence

Skill      XL: |  1  2  3  4 |
---------------+-------------+-----
Ranged Weapons | 3 4 |  4.4
Fighting       | 2 |  2.0
Dodging        | |  1.5
Spellcasting   | |  1.0
Hexes          | |  2.6

Action                     |  1- 3 |  4- 6 || total
---------------------------+-------+-------++-------
   Fire: Sling             |   121 |    39 ||   160
    Use: Scroll            |     4 |       ||     4
         Potion            |     1 |       ||     1
 Armour: Robe              |    21 |    11 ||    32
  Dodge: Dodged            |    33 |    17 ||    50

Table legend:
 A = Non-vault XP
 B = Vault XP
 C = Vault XP percentage of total XP
 D = Non-vault monster count
 E = Vault monster count
 F = Vault count percentage of total count
                 A         B        C        D         E       F
            +---------+---------+-------+---------+---------+-------
      Total |      88 |      46 |  34.3 |      39 |       6 |  13.3
            +---------+---------+-------+---------+---------+-------
        D:1 |      47 |       0 |   0.0 |      27 |       0 |   0.0
        D:2 |      41 |      46 |  52.9 |      12 |       6 |  33.3
            +---------+---------+-------+---------+---------+-------
